 Dungeon Crawl Stone Soup version 0.21-a0-513-gdcb3f5e (webtiles) character file.

672 Gerstahl the Slasher (level 7, -1/103 HPs)
             Began as a Naga Gladiator on Dec 1, 2017.
             Slain by an ogre
             ... wielding a +0 giant club
              (26 damage)
             ... on level 5 of the Dungeon.
             The game lasted 00:07:46 (4788 turns).

Gerstahl the Slasher (Naga Gladiator)               Turns: 4788, Time: 00:07:47

Health: -1/103     AC:  4    Str: 21    XL:     7   Next: 59%
Magic:  7/7        EV: 10    Int:  8    God:
Gold:   117        SH:  0    Dex: 15    Spells: 6/6 levels left

rFire    + . .     SeeInvis +   a - +0 long sword
rCold    x . .     Gourm    .   (no shield)
rNeg     . . .     Faith    .   b - +0 leather armour
rPois    +         Spirit   .   c - +0 helmet
rElec    .         Reflect  .   (no cloak)
rCorr    .         Harm     .   (no gloves)
MR       .....                  (no barding)
Stlth    ..........             (no amulet)
HPRegen  0.27/turn              h - ring of fire
MPRegen  0.10/turn              (no ring)

@: berserking, quick
A: large, see invisible, deformed body, poison resistance, slowness 2, slow
metabolism 1, spit poison 1, AC +2
a: Spit Poison


You were on level 5 of the Dungeon.
You were near starving.

You visited 1 branch of the dungeon, and saw 5 of its levels.

You collected 117 gold pieces.

Inventory:

Hand Weapons
 a - a +0 long sword (weapon)
Missiles
 d - a throwing net (quivered)
Armour
 b - a +0 leather armour (worn)
 c - a +0 helmet (worn)
 z - a +0 chain mail of fire resistance
Jewellery
 h - a ring of fire (left hand)
 y - an uncursed ring of see invisible {unknown}
Scrolls
 i - a scroll of enchant armour {unknown}
 j - 2 scrolls of identify {unknown}
 l - a scroll of amnesia {unknown}
 n - a scroll of fog {unknown}
 p - 2 scrolls of noise {unknown}
 u - a scroll of teleportation {unknown}
 v - a scroll of blinking {unknown}
 x - a scroll of remove curse {unknown}
Potions
 g - a potion of heal wounds {unknown}
 k - a potion of flight {unknown}
 m - a potion of mutation {unknown}
 o - a potion of cancellation {unknown}
 s - 2 potions of haste {unknown}
 w - a potion of agility {unknown}
Comestibles
 f - 3 bread rations
 q - 3 meat rations
 r - 4 royal jellies
 t - 5 fruits


   Skills:
 + Level 6.0 Fighting
 + Level 6.4 Long Blades
 - Level 1.7 Throwing
 - Level 2.4 Dodging


You had 6 spell levels left.
You didn't know any spells.

Dungeon Overview and Level Annotations

Branches:
Dungeon (5/15)
 Temple: D:4-7

Altars:
Dithmenos
Sif Muna
Trog
Zin
The Shining One

Annotations:
D:4 Gerstahl's ghost, amateur NaGl


Innate Abilities, Weirdness & Mutations

You cannot wear boots.
Your serpentine skin is tough. (AC +2)
You have supernaturally acute eyesight. (SInv)
Armour fits poorly on your strangely shaped body.
Your system is resistant to poisons. (rPois)
You cover ground very slowly.
You have a slow metabolism.
You can spit poison.


Message History

A shadow imp comes into view.
You slash the ogre!
The ogre is moderately wounded.
The ogre closely misses you.
A scorpion comes into view.
You hit the ogre.
The ogre is heavily wounded.
The ogre barely misses you.
You barely miss the ogre.
The ogre is heavily wounded.
You have got your breath back.
You barely miss the ogre.
The ogre is severely wounded.
You are near starving!
The ogre hits you with a giant club!!
* * * LOW HITPOINT WARNING * * *
A red film seems to cover your vision as you go berserk!
You feel yourself moving faster!
You feel mighty! The ogre hits you with a giant club!!
You die...

#. .. #. #.## ##
#... .. #.$# .#
##.###..##.#
.......@O5.#####
.#####....$s....
#.#.######.
#.....# ###.#.#
#<#.# #.# # #.#
#.#


You could see an ogre, a scorpion and a shadow imp.

Vanquished Creatures
  Grinder (D:3)
  A scorpion (D:4)
  A howler monkey (D:4)
  A hound (D:4)
  A centaur zombie (D:5)
  A centaur skeleton (D:4)
  An orc wizard (D:4)
  4 worker ants (D:4)
  7 adders
  2 oozes
  5 worms
  4 dart slugs (D:1)
  3 leopard geckos
  6 orcs (D:4)
  7 bats
  5 giant cockroaches
  10 goblins
  11 hobgoblins
  2 jackals (D:2)
  A ball python (D:3)
  A frilled lizard (D:3)
  12 kobolds
  3 rats
90 creatures vanquished.

Notes
Turn   | Place    | Note
-------+----------+-------------------------------------------
     0 | D:1      | Gerstahl the Naga Gladiator began the quest for the Orb.
     0 | D:1      | Reached XP level 1. HP: 19/19 MP: 1/1
    43 | D:1      | Reached XP level 2. HP: 13/27 MP: 2/2
   499 | D:1      | Reached XP level 3. HP: 12/33 MP: 3/3
  1432 | D:2      | Reached XP level 4. HP: 8/42 MP: 4/4
  2153 | D:2      | Reached XP level 5. HP: 37/50 MP: 5/5
  2398 | D:3      | Found a deep blue altar of Sif Muna.
  2584 | D:3      | Found a glowing silver altar of Zin.
  2584 | D:3      | Found a glowing golden altar of the Shining One.
  2584 | D:3      | Found a shadowy altar of Dithmenos.
  2956 | D:3      | Noticed Grinder
  2963 | D:3      | Paralysed by Grinder for 6 turns
  2985 | D:3      | Killed Grinder
  2985 | D:3      | Reached skill level 5 in Long Blades
  2985 | D:3      | Reached XP level 6. HP: 34/60 MP: 6/6
  3159 | D:4      | Reached skill level 5 in Fighting
  3404 | D:4      | Reached XP level 7. HP: 55/67 MP: 7/7
  3445 | D:4      | Noticed Gerstahl's ghost (amateur NaGl)
  3882 | D:4      | Found a bloodstained altar of Trog.
  4771 | D:5      | Entered Level 5 of the Dungeon
  4788 | D:5      | Slain by an ogre

Vault maps used:
D:1:      wheals_arrival_shading
D:2:      grunt_ministairs_14, bh_walls_and_bars
D:3:      gammafunk_temple_overflow_forgotten, lemuel_blue_sif_altar,
          uniq_grinder
D:4:      lemuel_coloured_pillars_altar, first_bread
D:5:      temple_green, nicolae_ossuary_entry_plus, nicolae_zen_rock_garden,
          grunt_dithmenos_shadows, uniq_duvessa

Skill      XL: |  1  2  3  4  5  6  7 |
---------------+----------------------+-----
Fighting       | 3 4 5 6 |  6.0
Long Blades    | 4 5 6 |  6.4
Throwing       | |  1.7
Dodging        | |  2.4

Action                   |  1- 3 |  4- 6 |  7- 9 || total
-------------------------+-------+-------+-------++-------
Melee: Long sword        |    96 |   122 |    51 ||   269
Throw: Throwing net      |       |     9 |       ||     9
 Abil: Spit Poison       |    12 |    21 |    10 ||    43
  Use: Potion            |       |       |     1 ||     1
 Stab: Held in net/web   |       |     2 |       ||     2
       Sleeping          |       |     1 |       ||     1
  Eat: Chunk             |     1 |     5 |     3 ||     9
       Fruit             |       |     2 |       ||     2
Armor: Leather armour    |    36 |    43 |    10 ||    89
Dodge: Dodged            |    68 |    92 |    22 ||   182
       Rpst.: Long sword |    15 |    37 |     5 ||    57

Table legend:
 A = Spawn XP
 B = Non-spawn XP
 C = Spawn XP percentage of total XP
 D = Spawn monster count
 E = Non-spawn monster count
 F = Spawn count percentage of total count
 G = Total turns spent on level
                    A         B        C        D         E        F      G
               +---------+---------+-------+---------+---------+-------+---------
         Total |       0 |     961 |   0.0 |       0 |      90 |   0.0 |  4788
               +---------+---------+-------+---------+---------+-------+---------
           D:1 |       0 |      56 |   0.0 |       0 |      24 |   0.0 |  1134
           D:2 |       0 |     114 |   0.0 |       0 |      29 |   0.0 |  1249
           D:3 |       0 |     321 |   0.0 |       0 |      18 |   0.0 |   974
           D:4 |       0 |     426 |   0.0 |       0 |      18 |   0.0 |  1414
           D:5 |       0 |      44 |   0.0 |       0 |       1 |   0.0 |    17
               +---------+---------+-------+---------+---------+-------+---------
